Unix NetHack Version 5.0.0-0 post-release - last build Jul 19 2026 19:10:59 (3aa4ab31751d3886436d94b585a96704892fd477,branch:main).

Game began 2026-07-15 18:31:32, ended 2026-07-27 17:33:17.

IceCreamJones, chaotic female human Wizard

                                                                      |    |
                                                                      |Y0..|
                                                                   ;; |....|
                                                                      |@.@.|;
                                                                      |.TR.|
                                                                      |NHT.|
                                                                    ; |.@q.|
                                                                    ; |ONHA|
                                                                   ;  |....|
                                                                      |....|;
                                                                      |}...|
                                                                      |}...|
                                                                      | g  |
                                                                     ;

IceCreamJones the Magician  St:18/02 Dx:15 Co:18 In:18 Wi:18 Ch:13  Chaotic
Dlvl:25 $:0  HP:0(110) Pw:80(128) AC:-14 Xp:13 T:52268 

Latest messages:
 The storm giant swings wildly and misses!
 The ogre king wields a double-headed axe!
 The guardian naga bites!
 The guardian naga misses!
 The Olog-hai hits!
 The Olog-hai hits!
 The Olog-hai bites!
 The guardian naga bites!
 The guardian naga touches you!
 The guardian naga coils itself around you!
 The leocrotta hits!
 The leocrotta misses!
 The leocrotta misses!
 The leocrotta hits!
 The leocrotta bites!
 The leocrotta misses!
 The storm giant picks up a boulder.
 The ogre king swings his double-headed axe.
 The ogre king hits!
 The guardian naga bites!
 The guardian naga touches you!
 The guardian naga brushes against you.
 The Olog-hai misses!
 The Olog-hai hits!
 The Olog-hai misses!
 The guardian naga bites!
 You are being crushed.
 The Olog-hai thrusts a forked polearm.
 A forked polearm misses you.
 You can move again.
 You are being held, and cannot go up.
 The disenchanter attacks a spot beside you.
 The leocrotta misses!
 The leocrotta just misses!
 The leocrotta misses!
 The storm giant hits!
 The ogre king swings his double-headed axe.
 The ogre king hits!
 The guardian naga bites!
 The guardian naga touches you!
 The guardian naga brushes against you.
 The Olog-hai misses!
 The Olog-hai hits!
 The Olog-hai bites!
 You die...
 Do you want your possessions identified? [ynq] (y)
 Do you want to see your attributes? [ynq] (y)
 Do you want an account of creatures vanquished? [ynaq] (y)
 Do you want to see your conduct and achievements? [ynq] (y)
 Do you want to see the dungeon overview? [ynq] (y)

Inventory:
 Weapons  (')')
  V - 7 +0 elven daggers (at the ready)
  a - the rustproof +3 Magicbane (weapon in right hand)
  t - a +0 aklys (alternate weapon; not wielded)
 Armor    ('[')
  D - an uncursed +0 helm of telepathy (being worn)
  I - an uncursed burnt +0 pair of leather gloves (being worn)
  G - a blessed very burnt +1 pair of speed boots (being worn)
  v - an uncursed thoroughly burnt +0 cloak of magic resistance (being worn)
  E - a blessed greased +2 silver dragon scale mail (being worn)
 Comestibles  ('%')
  q - an uncursed lizard corpse
 Rings    ('=')
  i - an uncursed ring of conflict
  J - an uncursed ring of invisibility (on right hand)
  f - an uncursed ring of slow digestion (on left hand)
 Wands    ('/')
  H - a wand of cold (0:4)
  M - a wand of death (0:4)
  h - a wand of digging (0:2)
  c - a wand of fire (0:5)
  g - a wand of lightning (0:3)
  j - a wand of magic missile (0:0)
  B - a wand of polymorph (0:4)
  Y - a wand of sleep (0:7)
  d - a wand of striking (0:5)
  l - a wand of teleportation (0:6)
 Tools    ('(')
  b - an uncursed oilskin sack containing 28 items
  N - an uncursed blindfold
  w - an uncursed magic whistle
  T - an uncursed oil lamp
  n - an uncursed pair of lenses (being worn)
  p - a +0 pick-axe
  r - an uncursed skeleton key
  z - an uncursed stethoscope
  u - a +0 unicorn horn
 Gems/Stones  ('*')
  y - a blessed luckstone

Contents of the oilskin sack:
  an uncursed +0 pair of water walking boots
  2 uncursed slime molds
  an uncursed banana
  3 uncursed C-rations
  2 uncursed carrots
  2 uncursed cream pies
  8 uncursed food rations
  3 uncursed fortune cookies
  an uncursed lump of royal jelly
  2 uncursed pancakes
  an uncursed pear
  an uncursed tripe ration
  an uncursed tin of large dog meat
  an uncursed lichen corpse
  an uncursed lizard corpse
  an uncursed scroll of identify
  a blessed scroll of remove curse
  4 uncursed potions of healing
  an uncursed ring of shock resistance
  a cursed wand of cold (0:0)
  a wand of digging (0:2)
  a wand of fire (0:7)
  a wand of lightning (0:3)
  a wand of magic missile (0:4)
  a wand of striking (0:1)
  a wand of teleportation (0:4)
  4 uncursed sapphires
  an uncursed touchstone

IceCreamJones the Wizard's attributes:

Background:
 You were a Magician, a level 13 female human Wizard.
 You were chaotic, on a mission for Anhur
 who was opposed by Ptah (lawful) and Thoth (neutral).
 You were right-handed.
 You were in the Dungeons of Doom, on level 25.
 You entered the dungeon 52268 turns ago.
 You had 67671 experience points, 12329 more were needed to attain level 14.

Basics:
 You had 0 out of 110 hit points.
 You had 80 out of 128 energy points (spell power).
 Your armor class was -14.
 Your wallet was empty.
 Autopickup was off.

Final Characteristics:
 Your strength was 18/02 (limit:18/100).
 Your dexterity was 15 (peak:16, limit:18).
 Your constitution was 18 (limit:18).
 Your intelligence was 18 (limit:18).
 Your wisdom was 18 (limit:18).
 Your charisma was 13 (limit:18).

Final Status:
 You were held by a guardian naga (northwest).
 You weren't hungry.
 You were unencumbered.
 You were wielding a dagger.
 You had expert skill with dagger.

Final Attributes:
 You were piously aligned.
 You were magic-protected.
 You were fire resistant.
 You were cold resistant.
 You were sleep resistant.
 You were shock resistant.
 You were poison resistant.
 You were telepathic.
 You were invisible.
 You had slower digestion.
 You had a large defense bonus (+11).
 You were warded.
 You were very fast.
 You had reflection.
 You were lucky.
 You had extra luck.
 Good luck did not time out for you.
 You are dead.

Miscellaneous:
 You didn't encounter any bones levels.
 Total elapsed playing time was 10 hours, 50 minutes and 36 seconds.

Major events:
 Turn
    1: IceCreamJones the chaotic female human Wizard entered the dungeon
  538: attained the rank of Conjurer (level 3)
  957: entered the Gnomish Mines
 3609: attained the rank of Thaumaturge (level 6)
 5697: entered Sokoban
 6156: chose a runed dagger to be named "Sting"
11445: reached Mine Town
11717: chose an elven broadsword to be named "Orcrist"
11849: made her first wish - "blessed greased +2 silver dragon scale mail", got "a greased silver dragon scale mail"
12253: was bestowed with Magicbane by Anhur
14512: completed 1st Sokoban level
14768: completed 2nd Sokoban level
15165: completed 3rd Sokoban level
15769: completed 4th Sokoban level
16027: acquired the Sokoban amulet of reflection
16343: attained the rank of Magician (level 10)
16697: the Oracle has been killed
23204: acquired the Mines' End luckstone
27870: entered the Bigroom
33565: entered Home 1, the Quest
43917: killed Croesus
52268: killed by an Olog-hai

Spells:
 Name                 Level Category     Fail Retention
 force bolt             1   attack         0%   49%-50%
 clairvoyance           3   divination     0%   41%-50%
 dig                    5   matter       100%   26%-50%
 haste self             3   escape        74%   26%-50%
 extra healing          3   healing       74%   26%-50%
 chain lightning        2   attack         0%   49%-50%
 wizard lock            2   matter         0%   26%-50%
 confuse monster        1   enchantment    0%   46%-50%
 cause fear             3   enchantment    0%   46%-50%
 light                  1   divination     0%   41%-50%
 sleep                  3   enchantment    0%   66%-70%
 jumping                1   escape         0%  76%-100%
 drain life             2   attack         0%   95%-96%
 detect monsters        1   divination     0%  91%-100%
 slow monster           2   enchantment    0%  96%-100%
 teleport away          6   escape       100%  76%-100%
 levitation             4   escape        97%  76%-100%
 cure sickness          3   healing       74%  76%-100%
 detect food            2   divination     0%    (gone)
 remove curse           3   clerical      74%    (gone)
 knock                  1   matter         0%    1%-25%
 polymorph              6   matter       100%    1%-25%
 turn undead            6   clerical     100%   51%-75%
 cancellation           7   matter       100%  76%-100%

Skills:
 Fighting Skills
   bare handed combat [Unskilled]
   riding             [Unskilled]
 Weapon Skills
   dagger             [Expert]
   knife              [Unskilled]
   axe                [Unskilled]
   short sword        [Unskilled]
   club               [Unskilled]
   mace               [Unskilled]
   quarterstaff       [Basic]
   polearms           [Unskilled]
   spear              [Unskilled]
   trident            [Unskilled]
   sling              [Unskilled]
   dart               [Unskilled]
   shuriken           [Unskilled]
 Spellcasting Skills
   attack spells      [Expert]
   healing spells     [Unskilled]
   divination spells  [Basic]
   enchantment spells [Skilled]
   clerical spells    [Unskilled]
   escape spells      [Unskilled]
   matter spells      [Unskilled]

Voluntary challenges:
 Character rerolling was not enabled.
 You never genocided any monsters.
 You never polymorphed an object.
 You used 1 wish.
 You did not wish for any artifacts.
 You did not violate any of the special Sokoban rules.
Achievements:
 You attained the rank of Conjurer.
 You entered a shop.
 You entered the Gnomish Mines.
 You attained the rank of Thaumaturge.
 You entered Sokoban.
 You entered Minetown.
 You entered a temple.
 You completed Sokoban.
 You attained the rank of Magician.
 You completed the Gnomish Mines.
 You entered the Big Room.

 The Dungeons of Doom: levels 1 to 25
    Level 1:
    Level 2:
       A bookstore.
       Stairs down to The Gnomish Mines.
    Level 3: "trapped chest"
    Level 4: "stash"
       An armor shop.
    Level 5:
       A general store.
    Level 6:
       A fountain.
       Oracle of Delphi.
    Level 7:
       Stairs up to Sokoban, level 6.
    Level 8:
       A fountain, a sink.
    Level 9:
    Level 10:
    Level 11:
       A very big room.
    Level 12:
       A temple and an altar.
    Level 13:
       Summoned by Neferet the Green.
       Portal to The Quest.
    Level 14:
       A fountain.
       Portal to Fort Ludios.
    Level 15:
       A primitive area.
    Level 16:
       A sink.
    Level 17:
       A temple and an altar.
    Level 18:
       A fountain.
    Level 19:
    Level 20:
       A general store, a fountain.
    Level 21:
       A temple and an altar, a fountain.
    Level 22:
    Level 23:
       A fountain.
    Level 24:
       A sink.
    Level 25: <- You were here.
       Final resting place for
          you, killed by an Olog-hai.
 The Gnomish Mines: levels 3 to 11
    Level 3:
    Level 4:
    Level 5:
       Many shops, a temple and an altar to Anhur, some fountains.
    Level 6:
    Level 7:
    Level 8:
    Level 9:
    Level 10:
    Level 11:
       A fountain.
 The Quest:
    Level 1:
       A throne.
       Home.
 Sokoban: levels 6 up to 3
    Level 3:
       Solved.
    Level 4:
       Solved.
    Level 5:
       Solved.
    Level 6:
       Solved.
 Fort Ludios:
    Level 1:
       Fort Ludios.


Vanquished creatures:
    Croesus
  a titan
  a red dragon
 an orange dragon
  2 blue dragons
  a green dragon
  a titanothere
  a trapper
the Oracle
  a captain
  a lich
  a clay golem
  2 nurses
  3 lurkers above
  3 Aleaxes
  2 frost giants
 an ettin
  7 black puddings
  3 vampires
  4 lieutenants
  9 ghosts
  a queen bee
  4 winged gargoyles
  a mind flayer
  2 giant mimics
  5 long worms
  2 zruties
  4 fire giants
 an ogre tyrant
 an ice troll
  3 rock trolls
  6 umber hulks
  2 flesh golems
  a doppelganger
  a large mimic
  2 wumpuses
  8 stalkers
 an earth elemental
  a water elemental
  a giant mummy
  2 black nagas
  2 xorns
  2 giant zombies
 13 sergeants
  9 wargs
  2 winter wolves
  4 small mimics
  2 glass piercers
  a xan
  3 ettin mummies
 an ogre leader
  6 quantum mechanics
 38 trolls
  5 wood golems
  2 gelatinous cubes
  a pyrolisk
  3 large dogs
  4 freezing spheres
  6 flaming spheres
  4 shocking spheres
  a large cat
  2 tigers
  2 gargoyles
  a dwarf ruler
  3 tengu
 an ochre jelly
  5 leocrottas
  3 energy vortices
  3 mountain centaurs
  7 stone giants
  2 elf mummies
  2 pythons
  a pit viper
  a cobra
  8 wraiths
  3 carnivorous apes
  2 ettin zombies
  3 leather golems
  3 Grey-elves
 69 soldiers
  4 watchmen
  2 amorous demons
  a horned devil
  4 chameleons
  3 crocodiles
  9 giant beetles
  4 quivering blobs
 10 cockatrices
  4 wolves
  4 winter wolf cubs
  a lynx
  2 panthers
  4 gremlins
  3 spotted jellies
 38 leprechauns
  4 orc-captains
  6 iron piercers
  a mumak
 11 giant spiders
  3 scorpions
  3 horses
  3 ice vortices
  6 black lights
  3 vampire bats
  5 forest centaurs
  8 gnome rulers
  8 orc mummies
  3 dwarf mummies
  6 brown puddings
  6 rust monsters
 10 owlbears
  4 yetis
  4 gold golems
  3 werewolves
  4 Green-elves
  4 giant eels
 21 lizards
  a chickatrice
  4 dingoes
  5 dogs
  3 housecats
  6 jaguars
  2 dwarf leaders
  6 blue jellies
  6 white unicorns
  a gray unicorn
  4 dust vortices
 12 ravens
  3 plains centaurs
  2 gnome mummies
  2 snakes
 21 apes
 15 human zombies
  3 rope golems
  5 Woodland-elves
  6 soldier ants
  8 fire ants
  8 bugbears
  2 imps
  4 quasits
  4 wood nymphs
 13 water nymphs
  6 mountain nymphs
  8 Mordor orcs
 22 Uruk-hai
  3 orc shamans
 16 rock piercers
  8 rock moles
  6 ponies
  2 fog clouds
  5 yellow lights
  3 shriekers
  6 violet fungi
 33 gnome leaders
  8 gnomish wizards
  3 kobold mummies
  a guardian naga hatchling
  4 gray oozes
  a barrow wight
 10 elf zombies
  2 ghouls
  4 straw golems
  a baby crocodile
 22 giant ants
  3 little dogs
 27 floating eyes
  6 kittens
 35 dwarves
 10 homunculi
  2 kobold leaders
  5 kobold shamans
 30 hill orcs
 30 rothes
  4 rabid rats
  4 centipedes
  7 giant bats
  6 monkeys
 19 orc zombies
 11 dwarf zombies
  3 wererats
  5 werejackals
 20 iguanas
 22 killer bees
  8 acid blobs
  7 coyotes
  a gas spore
  7 hobbits
 11 manes
  3 large kobolds
 22 hobgoblins
 14 giant rats
 16 cave spiders
  6 brown molds
  6 yellow molds
  5 green molds
  6 red molds
 74 gnomes
 14 garter snakes
  5 gnome zombies
 18 geckos
 15 jackals
  4 foxes
  6 kobolds
 10 goblins
 17 sewer rats
 21 grid bugs
 12 bats
 17 lichens
  6 kobold zombies
  9 newts
1454 creatures vanquished.

No species were genocided or became extinct.

Game over:
                       ----------
                      /          \
                     /    REST    \
                    /      IN      \
                   /     PEACE      \
                  /                  \
                  |  IceCreamJones   |
                  |       0 Au       |
                  |   killed by an   |
                  |     Olog-hai     |
                  |                  |
                  |                  |
                  |       2026       |
                 *|     *  *  *      | *
        _________)/\\_//(\/(/\)/\//\/|_)_______

Goodbye IceCreamJones the Wizard...

You died in The Dungeons of Doom on dungeon level 25 with 280630 points,
and 0 pieces of gold, after 52268 moves.
You were level 13 with a maximum of 110 hit points when you died.

